 Dungeon Crawl Stone Soup version 0.29-a0-414-g5075937ec3 (webtiles) character file.

Game seed: 1419419480489395712

3102 Bruhh the Martial Artist (level 9, 0/62 HPs)
             Began as an Octopode Transmuter on May 15, 2022.
             Was a Believer of Makhleb.
             Slain by a water moccasin (3 damage)
             ... on level 8 of the Dungeon.
             The game lasted 00:13:59 (9882 turns).

Bruhh the Martial Artist (Octopode Transmuter)      Turns: 9882, Time: 00:14:00

Health: 0/62       AC:  1    Str: 14    XL:     9   Next: 90%
Magic:  13/13      EV: 13    Int: 28    God:    Makhleb [**....]
Gold:   314        SH:  0    Dex: 12    Spells: 10/14 levels left

rFire   . . .      SeeInvis +   u - +7 hand axe of the Lair of Beasts {freeze, Str+5 Int+2}
rCold   . . .      Faith    .   (no shield)
rNeg    . . .      Spirit   .   (helmet restricted)
rPois   .          Reflect  .   (no amulet)
rElec   .          Harm     .   n - +6 ring of intelligence
rCorr   .          Rampage  .   f - ring of see invisible
Will    .....                   (no ring)
Stlth   ++........              (no ring)
HPRegen 0.20/turn               (no ring)
MPRegen 0.13/turn               (no ring)
                                (no ring)
                                (no ring)

@: confused, ambrosia-drunk, very slightly contaminated
A: almost no armour, amphibious, 8 rings, camouflage 1, gelatinous body 1,
(nimble swimmer 1), tentacles
a: Renounce Religion, Minor Destruction


You were on level 8 of the Dungeon.
You worshipped Makhleb.
Makhleb was pleased with you.
You visited 1 branch of the dungeon, and saw 8 of its levels.

You collected 314 gold pieces.

Inventory:

Hand Weapons
 u - the +7 hand axe of the Lair of Beasts (weapon) {freeze, Str+5 Int+2}
   (You took it off a hobgoblin on level 4 of the Dungeon)

   It freezes those it strikes, dealing additional cold damage.
   It can also slow down cold-blooded creatures.
   Str:       It affects your strength (+5).
   Int:       It affects your intelligence (+2).
Missiles
 i - 2 throwing nets
Jewellery
 f - a ring of see invisible (right tentacle)
 n - a +6 ring of intelligence (left tentacle)
 C - a ring of resist corrosion
 E - a ring of poison resistance
Wands
 w - a wand of flame (14)
Scrolls
 b - 5 scrolls of teleportation
 c - 3 scrolls of blinking
 d - 3 scrolls of enchant weapon
 e - 2 scrolls of vulnerability
 h - 2 scrolls of identify
 l - 2 scrolls of magic mapping
 o - 2 scrolls of amnesia
 s - a scroll of summoning
 t - 2 scrolls of noise {unknown}
 x - a scroll of immolation {unknown}
 y - a scroll of brand weapon {unknown}
 D - a scroll of fear {unknown}
Potions
 a - 3 potions of lignification
 g - 3 potions of brilliance {unknown}
 j - a potion of flight {unknown}
 k - 3 potions of ambrosia
 m - a potion of haste
 p - 2 potions of might
 q - a potion of cancellation {unknown}
 r - 2 potions of invisibility {unknown}
 v - a potion of berserk rage {unknown}
 z - a potion of magic {unknown}
 A - a potion of attraction {unknown}
 B - a potion of resistance {unknown}


   Skills:
 - Level 6.0 Fighting
 - Level 2.0 Dodging
 - Level 10.0 Unarmed Combat
 - Level 3.0 Spellcasting
 + Level 7.3 Transmutations
 + Level 1.0 Ice Magic


You had 10 spell levels left.
You knew the following spells:

 Your Spells              Type           Power      Damage    Failure   Level
a - Beastly Appendage     Tmut           90%        N/A       1%          1
b - Spider Form           Tmut/Pois      24%        N/A       5%          3

Your spell library contained the following spells:

 Spells                   Type           Power      Damage    Failure   Level
 Wereblood                Tmut           45%        N/A       1%          2
 Sublimation of Blood     Necr           4%         N/A       12%         2
 Ice Form                 Ice/Tmut       27%        N/A       14%         4
 Ozocubu's Armour         Ice            10%        N/A       16%         3
 Petrify                  Tmut/Erth      24%        N/A       19%         4
 Tukima's Dance           Hex            4%         N/A       24%         3
 Irradiate                Conj/Tmut      12%        3d17      45%         5
 Yara's Violent Unravell  Hex/Tmut       12%        3d7       45%         5
 Passage of Golubria      Tloc           4%         N/A       63%         4
 Metabolic Englaciation   Hex/Ice        3%         N/A       88%         5
 Simulacrum               Ice/Necr       3%         N/A       100%        6


Dungeon Overview and Level Annotations

Branches:
Dungeon (8/15)             Temple (0/1) D:7
   Lair: D:8-11

Altars:
Dithmenos
Makhleb
Okawaru
Ru
Uskayaw
Wu Jian
Xom
Zin

Shops:
D:3 [   D:4 (=


Innate Abilities, Weirdness & Mutations

You cannot wear most types of armour.
You are amphibious.
You can wear up to eight rings at the same time.
Your skin changes colour to match your surroundings (Stealth+).
Your rubbery body absorbs attacks. (AC +1, EV +1)
((You are camouflaged when in or above water. (Stealth+)))
You have tentacles for arms and can constrict up to eight enemies at once.


Message History

An orc warrior is nearby!
An orc comes into view. It is wielding a +3 falchion.
Casting: Spider Form (dangerous; 5% risk of failure)
Confirm with . or Enter, or press ? or * to list all spells.
You miscast Spider Form.
You are very lightly contaminated with residual magic.
Nothing appears to happen.
The orc warrior shouts!
The orc shouts!
Unknown command. 2 orcs come into view.
The orc warrior hits you with a +0 hand axe!
The orc shouts! x2
You hit the orc warrior but do no damage.
You grab the orc warrior. You constrict the orc warrior.
The orc warrior hits you with a +0 hand axe!
An orc comes into view. It is wielding a +0 club.
You hit the orc warrior. You freeze the orc warrior.
The orc warrior is moderately wounded.
You constrict the orc warrior, but do no damage.
The orc warrior hits you with a +0 hand axe!
You are too injured to fight recklessly!
You are too injured to fight recklessly!
You are too injured to fight recklessly!
You are too injured to fight recklessly!
You release your grip on the orc warrior.
The orc warrior attacks as you move away!
The orc warrior hits you with a +0 hand axe.
A water moccasin comes into view.
The water moccasin hisses angrily.
The orc warrior attacks as you move away!
The orc warrior hits you with a +0 hand axe!!
* * * LOW HITPOINT WARNING * * *
The water moccasin barely misses you.
It was a potion of ambrosia.
You are confused.
You feel invigorated.
The orc warrior hits you with a +0 hand axe!
* * * LOW HITPOINT WARNING * * *
The water moccasin bites you.
You die...

.. .# . ##.### ...
#.... #...####..#
#........### #
#..<....##.###
#.##S.#..o.... ..
#@##....... ..#
#.ooo.o....
##.......#########
#######.# ..# ..##
#.$ #.. ...


You could see an orc warrior, a water moccasin and 3 orcs.

Vanquished Creatures
  Pikel (D:7)
  Prince Ribbit (D:5)
  Sigmund (D:6)
  A wraith (D:6)
  Eustachio (D:4)
  Menkaure (D:7)
  A water moccasin (D:5)
  2 ice beasts
  2 ogres (D:4)
  5 phantoms
  2 centaurs
  A necrophage (D:5)
  4 scorpions
  4 hounds
  A gnoll shaman (D:5)
  Crazy Yiuf (D:5)
  2 iguanas
  An orc wizard (D:6)
  13 gnolls
  12 adders
  A white imp (D:6)
  4 ufetubi
  3 worms (D:2)
  A dart slug (D:2)
  6 orcs
  8 ball pythons
  12 bats
  6 endoplasms
  4 giant cockroaches
  6 goblins
  5 hobgoblins
  2 jackals (D:3)
  8 kobolds
  2 quokkas
  3 frilled lizards
  7 rats
135 creatures vanquished.

Notes
Turn   | Place    | Note
-------+----------+-------------------------------------------
     0 | D:1      | Bruhh the Octopode Transmuter began the quest for the Orb.
     0 | D:1      | Reached XP level 1. HP: 13/13 MP: 3/3
    95 | D:1      | Reached XP level 2. HP: 17/18 MP: 3/5
   762 | D:1      | Reached skill level 4 in Unarmed Combat
   852 | D:1      | Reached XP level 3. HP: 20/23 MP: 4/6
  1218 | D:2      | Found an iron altar of Okawaru.
  2469 | D:3      | Reached XP level 4. HP: 12/28 MP: 5/7
  2477 | D:3      | Reached skill level 5 in Unarmed Combat
  2684 | D:3      | Found Pawn's Antique Armour Boutique.
  3722 | D:3      | Found a sacrificial altar of Ru.
  3895 | D:3      | Reached XP level 5. HP: 33/33 MP: 6/8
  3914 | D:3      | Found a large runed translucent door.
  3915 | D:3      | Found a large runed translucent door.
  4135 | D:3      | Found a burning altar of Makhleb.
  4147 | D:3      | Found a hide-covered altar of Uskayaw.
  4162 | D:3      | Became a worshipper of Makhleb the Destroyer
  4322 | D:4      | Reached skill level 6 in Unarmed Combat
  4326 | D:4      | Learned a level 3 spell: Spider Form
  4372 | D:4      | Noticed an ogre
  4397 | D:4      | Killed an ogre
  4398 | D:4      | Reached XP level 6. HP: 22/38 MP: 6/9
  4548 | D:4      | Identified the +7 hand axe of the Lair of Beasts {freeze,
                  | Str+5 Int+2}
  4875 | D:4      | Found Tigenuvunu's Weapon Emporium.
  4954 | D:4      | Found Laongyl's One-of-a-Kind Rings.
  5158 | D:5      | Entered Level 5 of the Dungeon
  5158 | D:5      | Noticed Eustachio
  5173 | D:4      | HP: 1/39 [centaur (4)]
  5174 | D:4      | Killed Eustachio
  5175 | D:4      | Reached XP level 7. HP: 14/45 MP: 6/10
  5537 | D:5      | Found a runed translucent door.
  5538 | D:5      | Noticed Crazy Yiuf
  5851 | D:5      | Reached skill level 7 in Unarmed Combat
  6034 | D:5      | Reached XP level 8. HP: 21/54 MP: 7/11
  6068 | D:5      | Reached * piety under Makhleb
  6596 | D:5      | Reached skill level 5 in Fighting
  6646 | D:5      | Noticed Prince Ribbit
  6656 | D:5      | Killed Prince Ribbit
  6657 | D:5      | Reached skill level 8 in Unarmed Combat
  7254 | D:5      | Killed Crazy Yiuf
  7402 | D:6      | Noticed a wraith
  7414 | D:6      | Killed a wraith
  7415 | D:6      | Reached skill level 9 in Unarmed Combat
  7651 | D:6      | Reached XP level 9. HP: 34/62 MP: 8/12
  7794 | D:6      | Found an ornate altar of the Wu Jian Council.
  8043 | D:6      | Found a glowing silver altar of Zin.
  8221 | D:6      | Noticed Sigmund
  8232 | D:6      | Killed Sigmund
  8461 | D:6      | Found a shimmering altar of Xom.
  8532 | D:6      | Reached skill level 5 in Transmutations
  9053 | D:7      | Noticed Menkaure
  9061 | D:7      | Killed Menkaure
  9256 | D:7      | Noticed Pikel
  9279 | D:7      | Killed Pikel
  9280 | D:7      | Reached skill level 10 in Unarmed Combat
  9332 | D:7      | Reached ** piety under Makhleb
  9521 | D:7      | Found a staircase to the Ecumenical Temple.
  9662 | D:7      | Found a shadowy altar of Dithmenos.
  9668 | D:7      | Reached skill level 1 in Ice Magic
  9882 | D:8      | HP: 3/62 [orc warrior/+0 hand axe (10)]
  9882 | D:8      | Slain by a water moccasin

Illustrated notes

Levels and vault maps discovered:
D:1:      dpeg_arrival_tiny_a, layout_basic, amcnicky_mini_pool_small,
          st_stairs_8, minmay_tetromino_o4
D:2:      layout_loops_ring, basic_altar
D:3:      layout_basic, mainiacjoe_overflow_six_doors_small,
          jmf_multi_god_temple2, serial_shops, shop
D:4:      layout_rooms, serial_shops, nicolae_diamond_shop,
          nicolae_shop_unique_rings
D:5:      layout_rooms, dreamdust_wishing_well, minmay_pentangle,
          uniq_prince_ribbit1, uniq_crazy_yiuf_cottage, uniq_eustachio
D:6:      layout_basic, nicolae_overflow_crystal_walls,
          mainiacjoe_overflow_tiny_flanked, zin_scriptorium, uniq_sigmund
D:7:      layout_basic, grunt_dithmenos_shadows, temple_green,
          minmay_splitting_lines, uniq_menkaure, uniq_pikel
D:8:      layout_loops_cross, trog_butcher_becter, serial_shops, shop, shop,
          nicolae_shop_trees, kennysheep_generic_room_5

Skill      XL: |  1  2  3  4  5  6  7  8  9 |
---------------+----------------------------+-----
Unarmed Combat | 4 5 6 7 9 10 | 10.0
Transmutations | 3 4 7 |  7.3
Fighting       | 2 4 6 |  6.0
Spellcasting   | 3 |  3.0
Ice Magic      | 1 |  1.0
Dodging        | |  2.0

Action                   |  1- 3 |  4- 6 |  7- 9 || total
-------------------------+-------+-------+-------++-------
Melee: Unarmed           |    87 |    73 |   161 ||   321
       Tentacles         |    17 |     8 |     6 ||    31
       Kick              |    28 |    17 |     4 ||    49
       Constrict         |    24 |    14 |     9 ||    47
       Punch             |       |     1 |       ||     1
       Hand axe          |       |    12 |    35 ||    47
 Cast: Beastly Appendage |    29 |    25 |     9 ||    63
       Spider Form       |       |     3 |    23 ||    26
  Use: Potion            |       |     2 |     6 ||     8
       Scroll            |       |       |     7 ||     7
 Stab: Sleeping          |     7 |     6 |     2 ||    15
Armor: Skin              |     8 |     5 |    17 ||    30
Dodge: Dodged            |    54 |    83 |   168 ||   305

Table legend: (Time is in decaauts)
 A = Elapsed time spent in this place.
 B = Non-inter-level travel time spent in this place.
 C = Inter-level travel time spent in this place.
 D = Time resting spent in this place.
 E = Time spent auto-exploring this place.
 F = Levels seen in this place.
 G = Mean time per level.
                   A        B        C        D        E       F      G
               +--------+--------+--------+--------+--------+-----+--------+
         Total |   9861 |   9586 |    275 |    501 |   7939 |   8 | 1232.6 |
       Dungeon |   9861 |   9586 |    275 |    501 |   7939 |   8 | 1232.6 |
               +--------+--------+--------+--------+--------+-----+--------+

Top non-repeatable levels by time:
     D:5: 2020 daAuts
     D:3: 1804 daAuts
     D:6: 1458 daAuts
     D:2: 1247 daAuts
     D:1: 1160 daAuts
     D:4: 1154 daAuts
     D:7: 1003 daAuts
     D:8: 12 daAuts
